Rafales vs Influenza
(R1)
Created - May 24, 2018 at 22:01
Goals
|
| Rafales |
5 |
0 |
2 |
7 |
| Influenza |
1 |
3 |
0 |
4 |
|
Shots
|
| Rafales |
19 |
16 |
8 |
43 |
| Influenza |
9 |
13 |
3 |
25 |
|
1st period
1. Rafales , Mark Fayne 6 (Cody McLeod 17, Jarret Stoll 7) at 11:05 (PP)
2. Influenza , Jeremy Morin 8 (Mark Scheifele 15, T.J Galiardi 5) at 13:04
3. Rafales , Milan Bartovic 12 (Cody McLeod 18, Jarret Stoll 8) at 13:53
4. Rafales , Jarret Stoll 7 (Milan Bartovic 11, Cody McLeod 19) at 18:28
5. Rafales , Maksim Mayorov 3 (Matt Gilroy 3, Tim Crowder 10) at 18:39
6. Rafales , Cody McLeod 12 (Mark Fayne 18, Dennis Persson 5) at 18:54 (PP)
Penalties :
Alex Stalock (VJB) for Delaying the game (Minor) at 3:13 - Beau Bennett served the penalty, Jeff May (VJB) for Hooking (Minor) at 11:02, Mark Scheifele (VJB) for Interference (Minor) at 14:06, Matt Corrente (VJB) for Tripping (Minor) at 18:46, Matt Corrente (VJB) for Hooking (Minor) at 19:10
2nd period
7. Influenza , Mark Scheifele 18 (Garnet Hathaway 9, Matt Corrente 12) at 1:39
8. Influenza , Mark Scheifele 19 (T.J Galiardi 6, Tim Erixon 7) at 2:55
9. Influenza , Mark Scheifele 20 (T.J Galiardi 7, Jeremy Morin 12) at 9:05
Penalties :
Jeff May (VJB) for Holding Stick (Minor) at 10:31, Garnet Hathaway (VJB) for Hooking (Minor) at 15:04
3rd period
10. Rafales , Mark Fayne 7 (Cedric Paquette 3) at 1:37
11. Rafales , Maksim Mayorov 4 (Nathan Davis 9, Tim Crowder 11) at 17:13 (PP)
Penalties :
Garnet Hathaway (VJB) for Tripping (Minor) at 7:03, T.J Galiardi (VJB) for Holding (Minor) at 11:52, T.J Galiardi (VJB) for Charging (Minor) at 15:48, James Marcou (Stf) for Interference (Minor) at 19:22
Goalie Stats
Philipp Grubauer (Stf), 21 saves from 25 shots - (0.840), W, 8-5-0, 60:00 minutes
Alex Stalock (VJB), 12 saves from 16 shots - (0.750), 18:39 minutes
Thomas McCollum (VJB), 24 saves from 27 shots - (0.889), L, 7-4-0, 41:21 minutes
Players Stats for Rafales
Player Name G A P +/- PIM S H SB GA TA FO MP PP MP PK MP
------------------------------------------------------------------------------------
Brian Ferlin 0 0 0 -2 0 0 2 0 0 1 0/1 10:14 0:39 0:00
Carl Klingberg 0 0 0 -2 0 3 2 0 1 0 0/0 10:20 0:44 0:00
Cedric Paquette 0 1 1 2 0 0 3 0 0 1 5/10 11:13 0:42 0:00
Chris Terry 0 0 0 -2 0 1 1 0 0 0 0/0 9:10 0:00 0:00
Cody McLeod 1 3 4 2 0 6 2 1 1 0 0/1 23:06 7:25 0:37
Dennis Persson 0 1 1 1 0 2 1 1 0 1 0/0 27:14 10:01 0:37
Dylan McIlrath 0 0 0 -1 0 1 1 0 0 0 0/0 11:23 0:00 0:00
James Marcou 0 0 0 -2 2 0 0 0 0 1 0/0 9:09 0:00 0:00
Jarret Stoll 1 2 3 2 0 5 1 1 0 0 29/37 23:23 7:37 0:37
Julian Melchiori 0 0 0 0 0 0 1 2 0 0 0/0 20:03 5:28 0:00
Kevin Veilleux 0 0 0 -2 0 1 0 2 0 2 2/3 9:10 0:00 0:00
Maksim Mayorov 2 0 2 2 0 4 2 0 2 0 0/1 17:17 7:15 0:00
Mark Fayne 2 1 3 1 0 6 0 0 1 0 0/0 28:34 10:01 0:37
Matt Gilroy 0 1 1 0 0 0 2 1 0 1 0/0 21:23 5:28 0:00
Milan Bartovic 1 1 2 2 0 6 2 0 0 0 1/1 22:42 7:35 0:00
Nathan Davis 0 1 1 -2 0 6 1 0 0 0 2/9 16:21 7:15 0:00
Slater Koekkoek 0 0 0 -1 0 0 0 1 0 0 0/0 11:23 0:00 0:00
Tim Crowder 0 2 2 2 0 2 2 1 1 0 1/2 17:17 7:15 0:00
Players Stats for Influenza
Player Name G A P +/- PIM S H SB GA TA FO MP PP MP PK MP
------------------------------------------------------------------------------------
Beau Bennett 0 0 0 -2 0 2 0 0 1 0 2/4 15:12 0:18 2:33
Charlie Coyle 0 0 0 -2 0 1 3 1 0 0 6/21 22:44 0:18 8:55
Dmitry Sinitsyn 0 0 0 -1 0 1 0 2 0 1 0/0 10:57 0:00 0:00
Garnet Hathaway 0 1 1 0 4 0 0 1 0 0 1/1 14:51 0:00 3:56
Iiro Pakarinen 0 0 0 0 0 1 0 0 1 0 0/0 5:50 0:00 0:00
Jacob Josefson 0 0 0 0 0 1 0 0 0 0 3/3 6:49 0:00 0:09
Jeff May 0 0 0 1 4 1 1 1 1 3 0/0 18:26 0:00 5:41
Jeremy Morin 1 1 2 2 0 3 2 2 1 0 1/1 24:12 0:19 8:55
Jimmy Vesey 0 0 0 -2 0 3 0 0 0 0 0/2 12:13 0:18 0:00
Johan Larsson 0 0 0 0 0 0 0 0 0 0 0/0 5:50 0:00 0:00
Jordan Schroeder 0 0 0 -1 0 0 0 0 0 0 3/10 9:50 0:00 0:00
Lane MacDermid 0 0 0 -1 0 2 2 0 2 0 0/0 12:03 0:00 1:23
Mark Scheifele 3 1 4 3 2 4 3 2 0 0 9/23 19:22 0:19 5:07
Mathieu Carle 0 0 0 0 0 2 1 3 1 0 0/0 23:24 0:37 9:39
Matt Corrente 0 1 1 1 4 0 3 1 0 2 0/0 29:00 0:37 7:41
Paul Ladue 0 0 0 -1 0 0 0 4 0 0 0/0 11:42 0:00 0:45
T.J Galiardi 0 3 3 2 4 2 2 0 0 0 0/0 14:59 0:19 0:00
Tim Erixon 0 1 1 1 0 2 2 0 0 0 0/0 26:58 0:00 7:12
3 Stars
1 - Mark Scheifele (VJB)
2 - Cody McLeod (Stf)
3 - Mark Fayne (Stf)
Power Play
Rafales - 3 on 10 Attempt(s) - 30.00%
Influenza - 0 on 1 Attempt(s) - 0.00%
Penalty Kill
Rafales - 1 on 1 Attempt(s) - 100.00%
- Score 0 goal in Penalty Kill
Influenza - 7 on 10 Attempt(s) - 70.00%
- Score 0 goal in Penalty Kill
Team Stat
Rafales - Hits : 23 - Faceoff Wins : 40 - Blocked Shots : 10 - Penalty Minutes : 2
Influenza - Hits : 19 - Faceoff Wins : 25 - Blocked Shots : 17 - Penalty Minutes : 20
Official
Referees : Hasenfratz Mike and Fraser Kerry
Linesman : Brad Kovachik and Vaughan Rody
Game Notes
Thomas McCollum enters game at 18:39 of 1st period
19:23 of 1st period - Rafales goal is going for a video replay. After video review, No Goal. The net was displaced accidentally.
Mark Scheifele has scored a Hat Trick!
Paul Ladue is injured at 15:11 of 3rd period (Concussion)
Finance
Level 1 -- Attendance: 2000 (100.00%) -- Ticket Income $80,000
Level 2 -- Attendance: 1000 (100.00%) -- Ticket Income $20,000
Total Attendance: 3000 (100.00%)
Total Ticket Income: $100,000
Other Income: $5,000
Total Income: $105,000
Rafales
5 vs 5 Forward
Center Left Wing Right Wing Time % Phy DF OF
1 Jarret Stoll Cody McLeod Milan Bartovic 40 1 1 3
2 Cedric Paquette Maksim Mayorov Tim Crowder 30 2 1 2
3 Nathan Davis Carl Klingberg Brian Ferlin 20 2 1 2
4 Kevin Veilleux Chris Terry James Marcou 10 2 1 2
5 vs 5 Defense
Defense Defense Time % Phy DF OF
1 Dennis Persson Mark Fayne 40 1 3 1
2 Julian Melchiori Matt Gilroy 30 1 3 1
3 Dylan McIlrath Slater Koekkoek 20 1 3 1
4 Mark Fayne Matt Gilroy 10 1 3 1
PowerPlay Forward
Center Left Wing Right Wing Time % Phy DF OF
1 Jarret Stoll Cody McLeod Milan Bartovic 60 0 0 5
2 Nathan Davis Maksim Mayorov Tim Crowder 40 0 0 5
PowerPlay Defense
Defense Defense Time % Phy DF OF
1 Dennis Persson Mark Fayne 60 0 2 3
2 Julian Melchiori Matt Gilroy 40 0 2 3
Penalty Kill 4 Players Forward
Center Wing Time % Phy DF OF
1 Jarret Stoll Cody McLeod 60 0 4 1
2 Nathan Davis Milan Bartovic 40 0 4 1
Penalty Kill 4 Players Defense
Defense Defense Time % Phy DF OF
1 Dennis Persson Mark Fayne 60 1 4 0
2 Julian Melchiori Matt Gilroy 40 1 4 0
Penalty Kill - 3 Players Forward
Forward Time % Phy DF OF
1 Nathan Davis 60 0 5 0
2 Cody McLeod 40 0 5 0
Penalty Kill - 3 Players Defense
Defense Defense Time % Phy DF OF
1 Dennis Persson Mark Fayne 60 1 4 0
2 Julian Melchiori Matt Gilroy 40 1 4 0
4 vs 4 Forward
Center Wing Time % Phy DF OF
1 Jarret Stoll Cody McLeod 60 1 1 3
2 Nathan Davis Milan Bartovic 40 1 1 3
4 vs 4 Defense
Defense Defense Time % Phy DF OF
1 Dennis Persson Mark Fayne 60 1 3 1
2 Julian Melchiori Matt Gilroy 40 1 3 1
Last Minutes Offensive
Center Left Wing Right Wing Defense Defense
Nathan Davis Cody McLeod Milan Bartovic Matt Gilroy Mark Fayne
Last Minutes Defensive
Center Left Wing Right Wing Defense Defense
Nathan Davis Cody McLeod Milan Bartovic Dennis Persson Mark Fayne
Goaltenders
Starting : Philipp Grubauer
Backup : Leland Irving
Extra Forwards
Normal : Cody McLeod, Cedric Paquette, Milan Bartovic - PP : Cody McLeod, Cedric Paquette - PK : Kevin Veilleux
Extra Defensemen
Normal : Matt Gilroy, Mark Fayne, Dennis Persson - PP : Matt Gilroy - PK : Dennis Persson, Mark Fayne
Penalty Shots
Cedric Paquette, Cody McLeod, Nathan Davis, Milan Bartovic, James Marcou
Scratches
Ben Sexton (Healthy), Ryan Bourque (Healthy), Ben Johnson (Healthy), Nicklas Jensen (Healthy), Jayson Megna (Healthy)
Michael Bournival (Right Forearm Injury), Brad Ross (Healthy), Connor Murphy (Right Hand Injury), Mike Zigomanis (Right Forearm Injury), Ben Thomson (Healthy)
David Broll (Healthy), Stefan Chaput (Healthy), Akim Aliu (Healthy), Chris Driedger (Healthy)
Influenza
5 vs 5 Forward
Center Left Wing Right Wing Time % Phy DF OF
1 Mark Scheifele T.J Galiardi Jeremy Morin 40 1 2 2
2 Charlie Coyle Jimmy Vesey Beau Bennett 30 1 2 2
3 Jordan Schroeder Lane MacDermid Garnet Hathaway 20 1 2 2
4 Jacob Josefson Johan Larsson Iiro Pakarinen 10 1 2 2
5 vs 5 Defense
Defense Defense Time % Phy DF OF
1 Matt Corrente Tim Erixon 40 1 2 2
2 Jeff May Mathieu Carle 30 1 2 2
3 Paul Ladue Dmitry Sinitsyn 20 1 2 2
4 Matt Corrente Mathieu Carle 10 1 2 2
PowerPlay Forward
Center Left Wing Right Wing Time % Phy DF OF
1 Mark Scheifele T.J Galiardi Jeremy Morin 60 1 2 2
2 Charlie Coyle Jimmy Vesey Beau Bennett 40 1 2 2
PowerPlay Defense
Defense Defense Time % Phy DF OF
1 Mathieu Carle Matt Corrente 60 1 2 2
2 Tim Erixon Jeff May 40 1 2 2
Penalty Kill 4 Players Forward
Center Wing Time % Phy DF OF
1 Charlie Coyle Jeremy Morin 60 1 2 2
2 Mark Scheifele Garnet Hathaway 40 1 2 2
Penalty Kill 4 Players Defense
Defense Defense Time % Phy DF OF
1 Matt Corrente Mathieu Carle 60 1 2 2
2 Tim Erixon Jeff May 40 1 2 2
Penalty Kill - 3 Players Forward
Forward Time % Phy DF OF
1 Charlie Coyle 60 1 2 2
2 Mark Scheifele 40 1 2 2
Penalty Kill - 3 Players Defense
Defense Defense Time % Phy DF OF
1 Matt Corrente Mathieu Carle 60 1 2 2
2 Tim Erixon Jeff May 40 1 2 2
4 vs 4 Forward
Center Wing Time % Phy DF OF
1 Mark Scheifele T.J Galiardi 60 1 2 2
2 Charlie Coyle Jeremy Morin 40 1 2 2
4 vs 4 Defense
Defense Defense Time % Phy DF OF
1 Matt Corrente Mathieu Carle 60 1 2 2
2 Tim Erixon Jeff May 40 1 2 2
Last Minutes Offensive
Center Left Wing Right Wing Defense Defense
Mark Scheifele T.J Galiardi Jeremy Morin Mathieu Carle Matt Corrente
Last Minutes Defensive
Center Left Wing Right Wing Defense Defense
Mark Scheifele T.J Galiardi Jeremy Morin Mathieu Carle Matt Corrente
Goaltenders
Starting : Alex Stalock
Backup : Thomas McCollum
Extra Forwards
Normal : Garnet Hathaway, T.J Galiardi, Beau Bennett - PP : T.J Galiardi, Lane MacDermid - PK : Beau Bennett
Extra Defensemen
Normal : Matt Corrente, Tim Erixon, Jeff May - PP : Matt Corrente - PK : Tim Erixon, Jeff May
Penalty Shots
Jeremy Morin, T.J Galiardi, Beau Bennett, Mark Scheifele, Lane MacDermid
Scratches
Jamie Devane (Healthy), Joe Morrow (Healthy), Fredric Larsson (Healthy), Tom Kuhnhackl (Healthy), Oskars Bartulis (Healthy)
Rocco Grimaldi (Healthy), Ryan Sproul (Healthy), Josh Andrerson (Healthy), Mark Olver (Right Knee Injury), Jesse Graham (Healthy)
Vince Rocco (Healthy), Nikita Gusev (Healthy), Tyson Sexsmith (Healthy)
% Time on Ice - Rafales
Lines # - Real PCT - Wanted PCT - Time Play
Normal Forward
1 - 35% - 40% - 15:18
2 - 23% - 30% - 10:02
3 - 21% - 20% - 9:24
4 - 21% - 10% - 9:10
Normal Defense
1 - 38% - 40% - 16:36
2 - 33% - 30% - 14:35
3 - 26% - 20% - 11:23
4 - 3% - 10% - 1:20
PP Forward
1 - 53% - 60% - 8:14
2 - 47% - 40% - 7:15
PP Defense
1 - 65% - 60% - 10:01
2 - 35% - 40% - 5:28
PK Forward
1 - 100% - 60% - 0:37
2 - 0% - 40% - 0:00
PK Defense
1 - 100% - 60% - 0:37
2 - 0% - 40% - 0:00
PK3 Forward
1 - 0% - 60%
2 - 0% - 40%
PK3 Defense
1 - 0% - 60%
2 - 0% - 40%
44 Forward
1 - 0% - 60%
2 - 0% - 40%
44 Defense
1 - 0% - 60%
2 - 0% - 40%
Last Minute Offensive - 0:00
Last Minute Defensive - 0:00
Total
Forward - 60:00
Defense - 60:00
|
% Time on Ice - Influenza
Lines # - Real PCT - Wanted PCT - Time Play
Normal Forward
1 - 35% - 40% - 15:24
2 - 29% - 30% - 12:50
3 - 22% - 20% - 9:50
4 - 13% - 10% - 5:50
Normal Defense
1 - 39% - 40% - 17:13
2 - 29% - 30% - 12:43
3 - 25% - 20% - 10:57
4 - 7% - 10% - 3:01
PP Forward
1 - 51% - 60% - 0:19
2 - 49% - 40% - 0:18
PP Defense
1 - 100% - 60% - 0:37
2 - 0% - 40% - 0:00
PK Forward
1 - 64% - 60% - 9:52
2 - 36% - 40% - 5:37
PK Defense
1 - 62% - 60% - 9:39
2 - 38% - 40% - 5:50
PK3 Forward
1 - 0% - 60%
2 - 0% - 40%
PK3 Defense
1 - 0% - 60%
2 - 0% - 40%
44 Forward
1 - 0% - 60%
2 - 0% - 40%
44 Defense
1 - 0% - 60%
2 - 0% - 40%
Last Minute Offensive - 0:00
Last Minute Defensive - 0:00
Total
Forward - 60:00
Defense - 60:00
|
Play by Play
1st period
0:01 of 1st period - Jarret Stoll wins face-off versus Mark Scheifele in neutral zone.
0:26 of 1st period - Matt Corrente is hit by Cedric Paquette and loses puck.
1:12 of 1st period - Snap shot by Matt Corrente.
1:12 of 1st period - Shot Misses the Net.
1:51 of 1st period - Jeff May is hit by Dylan McIlrath and loses puck.
2:25 of 1st period - Nathan Davis is hit by Lane MacDermid and loses puck.
2:29 of 1st period - Icing by Carl Klingberg.
2:30 of 1st period - Mark Scheifele wins face-off versus Nathan Davis in Rafales zone.
2:47 of 1st period - Snap shot by Carl Klingberg.
2:47 of 1st period - Shot Blocked by Mark Scheifele.
2:49 of 1st period - Snap shot by Nathan Davis.
2:49 of 1st period - Stopped by Alex Stalock with a rebound.
2:51 of 1st period - Snap shot by Nathan Davis.
2:51 of 1st period - Shot Misses the Net.
2:59 of 1st period - Snap shot by Nathan Davis.
2:59 of 1st period - Shot Misses the Net.
3:01 of 1st period - Wrist shot by Nathan Davis.
3:01 of 1st period - Shot Misses the Net.
3:03 of 1st period - Snap shot by Nathan Davis.
3:03 of 1st period - Stopped by Alex Stalock without a rebound.
3:04 of 1st period - Jarret Stoll wins face-off versus Charlie Coyle in Influenza zone.
3:07 of 1st period - Wrist shot by Milan Bartovic.
3:07 of 1st period - Shot Misses the Net.
3:09 of 1st period - Snap shot by Julian Melchiori.
3:09 of 1st period - Deflect By Cody McLeod.
3:09 of 1st period - Shot Misses the Net.
3:09 of 1st period - Puck is out of play.
3:10 of 1st period - Jarret Stoll wins face-off versus Jimmy Vesey in Influenza zone.
3:13 of 1st period - Slapshot by Jarret Stoll.
3:13 of 1st period - Stopped by Alex Stalock without a rebound.
3:13 of 1st period - Minor Penalty to Alex Stalock for Delaying the game.
3:14 of 1st period - Jarret Stoll wins face-off versus Charlie Coyle in Influenza zone.
5:07 of 1st period - Matt Corrente is hit by Maksim Mayorov.
5:13 of 1st period - Penalty to Beau Bennett is over, Beau Bennett is back on ice.
5:19 of 1st period - Matt Corrente is hit by Chris Terry and loses puck.
6:25 of 1st period - Icing by Jacob Josefson.
6:26 of 1st period - Jacob Josefson wins face-off versus Jarret Stoll in Influenza zone.
6:55 of 1st period - Wrist shot by Garnet Hathaway.
6:55 of 1st period - Shot Misses the Net.
6:57 of 1st period - Snap shot by Tim Erixon.
6:57 of 1st period - Deflect By Lane MacDermid.
6:57 of 1st period - Stopped by Philipp Grubauer with a rebound.
7:13 of 1st period - Jeremy Morin is hit by Cedric Paquette and loses puck.
7:24 of 1st period - Paul Ladue is hit by Tim Crowder and loses puck.
7:39 of 1st period - Snap shot by Jacob Josefson.
7:39 of 1st period - Shot Blocked by Julian Melchiori.
7:41 of 1st period - Slapshot by Dmitry Sinitsyn.
7:41 of 1st period - Stopped by Philipp Grubauer with a rebound.
8:08 of 1st period - Slapshot by Nathan Davis.
8:08 of 1st period - Stopped by Alex Stalock without a rebound.
8:09 of 1st period - Mark Scheifele wins face-off versus Cedric Paquette in Influenza zone.
8:56 of 1st period - Snap shot by Beau Bennett.
8:56 of 1st period - Deflect By Lane MacDermid.
8:56 of 1st period - Stopped by Philipp Grubauer with a rebound.
9:04 of 1st period - Snap shot by Garnet Hathaway.
9:04 of 1st period - Shot Misses the Net.
9:08 of 1st period - Wrist shot by Garnet Hathaway.
9:08 of 1st period - Shot Misses the Net.
9:50 of 1st period - Snap shot by Maksim Mayorov.
9:50 of 1st period - Stopped by Alex Stalock with a rebound.
10:47 of 1st period - Wrist shot by Iiro Pakarinen.
10:47 of 1st period - Stopped by Philipp Grubauer with a rebound.
10:51 of 1st period - Backhand shot by Iiro Pakarinen.
10:51 of 1st period - Deflect By Kevin Veilleux.
10:51 of 1st period - Shot Blocked by Slater Koekkoek.
10:51 of 1st period - Puck is out of play.
10:52 of 1st period - Jarret Stoll wins face-off versus Mark Scheifele in Rafales zone.
11:02 of 1st period - Minor Penalty to Jeff May for Hooking.
11:03 of 1st period - Jarret Stoll wins face-off versus Charlie Coyle in Influenza zone.
11:03 of 1st period - Slapshot by Cody McLeod.
11:03 of 1st period - Shot Blocked by Jeremy Morin.
11:05 of 1st period - Backhand shot by Mark Fayne.
11:05 of 1st period - Goal by Mark Fayne - Rafales : 1 - Influenza : 0.
11:06 of 1st period - Jarret Stoll wins face-off versus Mark Scheifele in neutral zone.
11:10 of 1st period - Backhand shot by Mark Fayne.
11:10 of 1st period - Shot Blocked by Mathieu Carle.
11:12 of 1st period - Wrist shot by Mark Fayne.
11:12 of 1st period - Deflect By Milan Bartovic.
11:12 of 1st period - Shot Blocked by Mark Scheifele.
11:12 of 1st period - Puck is out of play.
11:13 of 1st period - Jeremy Morin wins face-off versus Jarret Stoll in Influenza zone.
11:13 of 1st period - Jeremy Morin is hit by Milan Bartovic.
11:27 of 1st period - Wrist shot by Cody McLeod.
11:27 of 1st period - Shot Blocked by Mathieu Carle.
11:45 of 1st period - Snap shot by Jimmy Vesey.
11:45 of 1st period - Stopped by Philipp Grubauer with a rebound.
12:25 of 1st period - Snap shot by Chris Terry.
12:25 of 1st period - Stopped by Alex Stalock without a rebound.
12:26 of 1st period - Mark Scheifele wins face-off versus Jarret Stoll in Influenza zone.
12:33 of 1st period - Wrist shot by T.J Galiardi.
12:33 of 1st period - Shot Blocked by Jarret Stoll.
13:04 of 1st period - Snap shot by Jeremy Morin.
13:04 of 1st period - Goal by Jeremy Morin - Rafales : 1 - Influenza : 1.
13:05 of 1st period - Beau Bennett wins face-off versus Cedric Paquette in neutral zone.
13:10 of 1st period - Slapshot by Mathieu Carle.
13:10 of 1st period - Stopped by Philipp Grubauer with a rebound.
13:12 of 1st period - Slapshot by Matt Corrente.
13:12 of 1st period - Shot Misses the Net.
13:14 of 1st period - Wrist shot by Beau Bennett.
13:14 of 1st period - Shot Blocked by Dennis Persson.
13:16 of 1st period - Snap shot by Charlie Coyle.
13:16 of 1st period - Stopped by Philipp Grubauer with a rebound.
13:18 of 1st period - Wrist shot by Beau Bennett.
13:18 of 1st period - Shot Misses the Net.
13:20 of 1st period - Snap shot by Matt Corrente.
13:20 of 1st period - Shot Misses the Net.
13:39 of 1st period - Slapshot by Cody McLeod.
13:39 of 1st period - Stopped by Alex Stalock without a rebound.
13:40 of 1st period - Jarret Stoll wins face-off versus Beau Bennett in Influenza zone.
13:49 of 1st period - Slapshot by Cody McLeod.
13:49 of 1st period - Shot Blocked by Dmitry Sinitsyn.
13:51 of 1st period - Slapshot by Milan Bartovic.
13:51 of 1st period - Shot Blocked by Paul Ladue.
13:53 of 1st period - Wrist shot by Milan Bartovic.
13:53 of 1st period - Deflect By Beau Bennett.
13:53 of 1st period - Goal by Milan Bartovic - Rafales : 2 - Influenza : 1.
13:54 of 1st period - Tim Crowder wins face-off versus Mark Scheifele in neutral zone.
14:01 of 1st period - Wrist shot by Tim Crowder.
14:01 of 1st period - Shot Misses the Net.
14:03 of 1st period - Slapshot by Tim Crowder.
14:03 of 1st period - Stopped by Alex Stalock without a rebound.
14:04 of 1st period - Mark Scheifele wins face-off versus Tim Crowder in Influenza zone.
14:06 of 1st period - Minor Penalty to Mark Scheifele for Interference.
14:07 of 1st period - Charlie Coyle wins face-off versus Jarret Stoll in Influenza zone.
14:19 of 1st period - Wrist shot by Jeremy Morin.
14:19 of 1st period - Stopped by Philipp Grubauer with a rebound.
14:41 of 1st period - Snap shot by Nathan Davis.
14:41 of 1st period - Stopped by Alex Stalock without a rebound.
14:42 of 1st period - Beau Bennett wins face-off versus Jarret Stoll in Influenza zone.
14:51 of 1st period - Jeff May is hit by Milan Bartovic and loses puck.
15:12 of 1st period - Backhand shot by Maksim Mayorov.
15:12 of 1st period - Deflect By Jeremy Morin.
15:12 of 1st period - Stopped by Alex Stalock without a rebound.
15:13 of 1st period - Garnet Hathaway wins face-off versus Maksim Mayorov in Influenza zone.
16:02 of 1st period - Jeremy Morin is hit by Maksim Mayorov and loses puck.
16:06 of 1st period - Penalty to Mark Scheifele is over, Mark Scheifele is back on ice.
16:57 of 1st period - Slapshot by Cody McLeod.
16:57 of 1st period - Stopped by Alex Stalock with a rebound.
16:59 of 1st period - Slapshot by Milan Bartovic.
16:59 of 1st period - Shot Misses the Net.
17:27 of 1st period - Snap shot by Kevin Veilleux.
17:27 of 1st period - Shot Misses the Net.
17:36 of 1st period - Icing by Paul Ladue.
17:37 of 1st period - Jacob Josefson wins face-off versus Nathan Davis in Influenza zone.
17:37 of 1st period - Jacob Josefson is hit by Nathan Davis.
17:43 of 1st period - Wrist shot by Iiro Pakarinen.
17:43 of 1st period - Deflect By Jordan Schroeder.
17:43 of 1st period - Shot Misses the Net.
17:43 of 1st period - Puck is out of play.
17:44 of 1st period - Jarret Stoll wins face-off versus Jordan Schroeder in Rafales zone.
17:46 of 1st period - Icing by Cody McLeod.
17:47 of 1st period - Jarret Stoll wins face-off versus Jordan Schroeder in Rafales zone.
17:54 of 1st period - Snap shot by Cody McLeod.
17:54 of 1st period - Shot Misses the Net.
18:28 of 1st period - Slapshot by Jarret Stoll.
18:28 of 1st period - Goal by Jarret Stoll - Rafales : 3 - Influenza : 1.
18:29 of 1st period - Cedric Paquette wins face-off versus Mark Scheifele in neutral zone.
18:29 of 1st period - Cedric Paquette is hit by Jeremy Morin.
18:35 of 1st period - Wrist shot by Tim Crowder.
18:35 of 1st period - Stopped by Alex Stalock with a rebound.
18:37 of 1st period - Snap shot by Matt Gilroy.
18:37 of 1st period - Shot Misses the Net.
18:39 of 1st period - Snap shot by Maksim Mayorov.
18:39 of 1st period - Goal by Maksim Mayorov - Rafales : 4 - Influenza : 1.
18:39 of 1st period - Thomas McCollum enters game.
18:40 of 1st period - Jarret Stoll wins face-off versus Mark Scheifele in neutral zone.
18:46 of 1st period - Minor Penalty to Matt Corrente for Tripping.
18:47 of 1st period - Jarret Stoll wins face-off versus Charlie Coyle in Influenza zone.
18:48 of 1st period - Snap shot by Cody McLeod.
18:48 of 1st period - Deflect By Milan Bartovic.
18:48 of 1st period - Stopped by Thomas McCollum with a rebound.
18:50 of 1st period - Slapshot by Dennis Persson.
18:50 of 1st period - Shot Hit the Post.
18:52 of 1st period - Slapshot by Mark Fayne.
18:52 of 1st period - Shot Blocked by Mathieu Carle.
18:54 of 1st period - Slapshot by Cody McLeod.
18:54 of 1st period - Goal by Cody McLeod - Rafales : 5 - Influenza : 1.
18:55 of 1st period - Charlie Coyle wins face-off versus Cedric Paquette in neutral zone.
19:10 of 1st period - Minor Penalty to Matt Corrente for Hooking.
19:11 of 1st period - Charlie Coyle wins face-off versus Cody McLeod in Influenza zone.
19:21 of 1st period - Snap shot by Milan Bartovic.
19:21 of 1st period - Shot Misses the Net.
19:23 of 1st period - Slapshot by Mark Fayne.
19:23 of 1st period - Rafales goal is going for a video replay.
19:23 of 1st period - The goal is refused. The net was displaced accidentally..
19:24 of 1st period - Jarret Stoll wins face-off versus Charlie Coyle in Influenza zone.
19:41 of 1st period - Snap shot by Charlie Coyle.
19:41 of 1st period - Shot Misses the Net.
Goals for this period are 5 for Rafales vs 1 for Influenza.
Shots for this period are 19 for Rafales vs 9 for Influenza.
2nd period
0:01 of 2nd period - Jarret Stoll wins face-off versus Charlie Coyle in neutral zone.
0:38 of 2nd period - Nathan Davis is hit by Jeff May and loses puck.
1:10 of 2nd period - Penalty to Matt Corrente is over, Matt Corrente is back on ice.
1:37 of 2nd period - Wrist shot by Mark Scheifele.
1:37 of 2nd period - Shot Misses the Net.
1:39 of 2nd period - Snap shot by Mark Scheifele.
1:39 of 2nd period - Goal by Mark Scheifele - Rafales : 5 - Influenza : 2.
1:40 of 2nd period - Jarret Stoll wins face-off versus Jimmy Vesey in neutral zone.
2:06 of 2nd period - Mark Fayne is hit by Jeremy Morin and loses puck.
2:15 of 2nd period - Dennis Persson is hit by Mark Scheifele.
2:36 of 2nd period - Kevin Veilleux is hit by Mark Scheifele and loses puck.
2:45 of 2nd period - Wrist shot by T.J Galiardi.
2:45 of 2nd period - Shot Blocked by Matt Gilroy.
2:47 of 2nd period - Slapshot by Tim Erixon.
2:47 of 2nd period - Stopped by Philipp Grubauer with a rebound.
2:49 of 2nd period - Slapshot by Tim Erixon.
2:49 of 2nd period - Shot Misses the Net.
2:51 of 2nd period - Wrist shot by T.J Galiardi.
2:51 of 2nd period - Shot Blocked by Kevin Veilleux.
2:53 of 2nd period - Slapshot by Mark Scheifele.
2:53 of 2nd period - Shot Blocked by Julian Melchiori.
2:55 of 2nd period - Slapshot by T.J Galiardi.
2:55 of 2nd period - Deflect By Mark Scheifele.
2:55 of 2nd period - Goal by Mark Scheifele - Rafales : 5 - Influenza : 3.
2:56 of 2nd period - Jarret Stoll wins face-off versus Charlie Coyle in neutral zone.
3:03 of 2nd period - Snap shot by Cody McLeod.
3:03 of 2nd period - Stopped by Thomas McCollum with a rebound.
3:21 of 2nd period - Maksim Mayorov is hit by Mathieu Carle and loses puck.
4:06 of 2nd period - Snap shot by Jeremy Morin.
4:06 of 2nd period - Stopped by Philipp Grubauer with a rebound.
4:08 of 2nd period - Wrist shot by T.J Galiardi.
4:08 of 2nd period - Shot Misses the Net.
4:20 of 2nd period - Wrist shot by Beau Bennett.
4:20 of 2nd period - Stopped by Philipp Grubauer without a rebound.
4:21 of 2nd period - Kevin Veilleux wins face-off versus Charlie Coyle in Rafales zone.
5:54 of 2nd period - Snap shot by Beau Bennett.
5:54 of 2nd period - Deflect By Mark Fayne.
5:54 of 2nd period - Stopped by Philipp Grubauer with a rebound.
6:18 of 2nd period - Snap shot by Milan Bartovic.
6:18 of 2nd period - Stopped by Thomas McCollum with a rebound.
6:20 of 2nd period - Slapshot by Dennis Persson.
6:20 of 2nd period - Stopped by Thomas McCollum with a rebound.
6:22 of 2nd period - Snap shot by Mark Fayne.
6:22 of 2nd period - Shot Blocked by Jeff May.
6:24 of 2nd period - Slapshot by Mark Fayne.
6:24 of 2nd period - Stopped by Thomas McCollum with a rebound.
6:36 of 2nd period - Tim Crowder is hit by Lane MacDermid.
6:42 of 2nd period - Wrist shot by Lane MacDermid.
6:42 of 2nd period - Deflect By Jordan Schroeder.
6:42 of 2nd period - Shot Blocked by Tim Crowder.
6:42 of 2nd period - Puck is out of play.
6:43 of 2nd period - Jarret Stoll wins face-off versus Jordan Schroeder in Rafales zone.
7:00 of 2nd period - Lane MacDermid is hit by Julian Melchiori and loses puck.
7:34 of 2nd period - Slapshot by Matt Corrente.
7:34 of 2nd period - Deflect By Jimmy Vesey.
7:34 of 2nd period - Shot Misses the Net.
7:34 of 2nd period - Puck is out of play.
7:35 of 2nd period - Charlie Coyle wins face-off versus Brian Ferlin in Rafales zone.
7:38 of 2nd period - Snap shot by Jimmy Vesey.
7:38 of 2nd period - Shot Hit the Post.
8:14 of 2nd period - Wrist shot by Nathan Davis.
8:14 of 2nd period - Stopped by Thomas McCollum without a rebound.
8:15 of 2nd period - Jarret Stoll wins face-off versus Mark Scheifele in Influenza zone.
8:22 of 2nd period - Snap shot by Jarret Stoll.
8:22 of 2nd period - Stopped by Thomas McCollum without a rebound.
8:23 of 2nd period - Jarret Stoll wins face-off versus Mark Scheifele in Influenza zone.
8:34 of 2nd period - Wrist shot by Cody McLeod.
8:34 of 2nd period - Shot Blocked by Matt Corrente.
8:36 of 2nd period - Backhand shot by Mark Fayne.
8:36 of 2nd period - Shot Misses the Net.
8:38 of 2nd period - Snap shot by Jarret Stoll.
8:38 of 2nd period - Stopped by Thomas McCollum with a rebound.
9:05 of 2nd period - Snap shot by Mark Scheifele.
9:05 of 2nd period - Goal by Mark Scheifele - Rafales : 5 - Influenza : 4.
9:06 of 2nd period - Jarret Stoll wins face-off versus Beau Bennett in neutral zone.
9:06 of 2nd period - Jarret Stoll is hit by Charlie Coyle.
9:32 of 2nd period - Lane MacDermid is hit by Cedric Paquette and loses puck.
9:46 of 2nd period - Off-side.
9:47 of 2nd period - Mark Scheifele wins face-off versus Nathan Davis in neutral zone.
9:50 of 2nd period - Wrist shot by Nathan Davis.
9:50 of 2nd period - Shot Misses the Net.
9:52 of 2nd period - Slapshot by Mark Fayne.
9:52 of 2nd period - Stopped by Thomas McCollum without a rebound.
9:53 of 2nd period - Mark Scheifele wins face-off versus Nathan Davis in Influenza zone.
10:26 of 2nd period - Wrist shot by Jimmy Vesey.
10:26 of 2nd period - Stopped by Philipp Grubauer without a rebound.
10:27 of 2nd period - Mark Scheifele wins face-off versus Cedric Paquette in Rafales zone.
10:28 of 2nd period - Snap shot by T.J Galiardi.
10:28 of 2nd period - Stopped by Philipp Grubauer with a rebound.
10:30 of 2nd period - Slapshot by Jeff May.
10:30 of 2nd period - Stopped by Philipp Grubauer with a rebound.
10:31 of 2nd period - Minor Penalty to Jeff May for Holding Stick.
10:32 of 2nd period - Jarret Stoll wins face-off versus Charlie Coyle in Influenza zone.
12:31 of 2nd period - Penalty to Jeff May is over, Jeff May is back on ice.
12:46 of 2nd period - Snap shot by Garnet Hathaway.
12:46 of 2nd period - Shot Misses the Net.
13:00 of 2nd period - Kevin Veilleux is hit by Tim Erixon and loses puck.
13:07 of 2nd period - Backhand shot by Jacob Josefson.
13:07 of 2nd period - Stopped by Philipp Grubauer with a rebound.
13:39 of 2nd period - Snap shot by Jordan Schroeder.
13:39 of 2nd period - Shot Misses the Net.
13:41 of 2nd period - Snap shot by Lane MacDermid.
13:41 of 2nd period - Shot Misses the Net.
14:27 of 2nd period - James Marcou is hit by Matt Corrente and loses puck.
14:36 of 2nd period - Dennis Persson is hit by Tim Erixon and loses puck.
14:49 of 2nd period - Snap shot by Brian Ferlin.
14:49 of 2nd period - Shot Misses the Net.
14:51 of 2nd period - Slapshot by Mark Fayne.
14:51 of 2nd period - Shot Blocked by Paul Ladue.
14:53 of 2nd period - Snap shot by Carl Klingberg.
14:53 of 2nd period - Stopped by Thomas McCollum with a rebound.
14:55 of 2nd period - Snap shot by Dennis Persson.
14:55 of 2nd period - Stopped by Thomas McCollum with a rebound.
14:57 of 2nd period - Snap shot by Nathan Davis.
14:57 of 2nd period - Stopped by Thomas McCollum without a rebound.
14:58 of 2nd period - Jarret Stoll wins face-off versus Jordan Schroeder in Influenza zone.
15:04 of 2nd period - Minor Penalty to Garnet Hathaway for Hooking.
15:05 of 2nd period - Jarret Stoll wins face-off versus Charlie Coyle in Influenza zone.
15:05 of 2nd period - Snap shot by Cody McLeod.
15:05 of 2nd period - Stopped by Thomas McCollum with a rebound.
15:07 of 2nd period - Snap shot by Milan Bartovic.
15:07 of 2nd period - Stopped by Thomas McCollum without a rebound.
15:08 of 2nd period - Jarret Stoll wins face-off versus Charlie Coyle in Influenza zone.
15:33 of 2nd period - Slapshot by Mathieu Carle.
15:33 of 2nd period - Stopped by Philipp Grubauer without a rebound.
15:34 of 2nd period - Mark Scheifele wins face-off versus Nathan Davis in Rafales zone.
17:04 of 2nd period - Penalty to Garnet Hathaway is over, Garnet Hathaway is back on ice.
17:05 of 2nd period - Icing by Jeremy Morin.
17:06 of 2nd period - Nathan Davis wins face-off versus Charlie Coyle in Influenza zone.
17:15 of 2nd period - Wrist shot by Kevin Veilleux.
17:15 of 2nd period - Stopped by Thomas McCollum without a rebound.
17:16 of 2nd period - Jordan Schroeder wins face-off versus Kevin Veilleux in Influenza zone.
18:02 of 2nd period - Snap shot by Jarret Stoll.
18:02 of 2nd period - Shot Blocked by Paul Ladue.
18:31 of 2nd period - Icing by Jimmy Vesey.
18:32 of 2nd period - Jarret Stoll wins face-off versus Charlie Coyle in Influenza zone.
18:33 of 2nd period - Snap shot by Cody McLeod.
18:33 of 2nd period - Stopped by Thomas McCollum with a rebound.
18:35 of 2nd period - Snap shot by Jarret Stoll.
18:35 of 2nd period - Shot Misses the Net.
18:37 of 2nd period - Slapshot by Jarret Stoll.
18:37 of 2nd period - Stopped by Thomas McCollum with a rebound.
18:39 of 2nd period - Wrist shot by Jarret Stoll.
18:39 of 2nd period - Shot Misses the Net.
19:20 of 2nd period - Snap shot by Tim Crowder.
19:20 of 2nd period - Shot Misses the Net.
19:22 of 2nd period - Snap shot by Nathan Davis.
19:22 of 2nd period - Shot Misses the Net.
19:46 of 2nd period - Snap shot by Jacob Josefson.
19:46 of 2nd period - Shot Misses the Net.
19:48 of 2nd period - Slapshot by Tim Erixon.
19:48 of 2nd period - Stopped by Philipp Grubauer with a rebound.
Goals for this period are 0 for Rafales vs 3 for Influenza.
Shots for this period are 16 for Rafales vs 13 for Influenza.
3rd period
0:01 of 3rd period - Jarret Stoll wins face-off versus Mark Scheifele in neutral zone.
0:16 of 3rd period - Wrist shot by Cody McLeod.
0:16 of 3rd period - Shot Misses the Net.
0:26 of 3rd period - Maksim Mayorov is hit by Charlie Coyle.
0:46 of 3rd period - Wrist shot by Carl Klingberg.
0:46 of 3rd period - Stopped by Thomas McCollum without a rebound.
0:47 of 3rd period - Nathan Davis wins face-off versus Jordan Schroeder in Influenza zone.
1:00 of 3rd period - Snap shot by Garnet Hathaway.
1:00 of 3rd period - Shot Misses the Net.
1:14 of 3rd period - T.J Galiardi is hit by Cody McLeod and loses puck.
1:31 of 3rd period - Snap shot by Jimmy Vesey.
1:31 of 3rd period - Deflect By Maksim Mayorov.
1:31 of 3rd period - Stopped by Philipp Grubauer without a rebound.
1:32 of 3rd period - Cedric Paquette wins face-off versus Charlie Coyle in Rafales zone.
1:37 of 3rd period - Snap shot by Mark Fayne.
1:37 of 3rd period - Deflect By Jimmy Vesey.
1:37 of 3rd period - Goal by Mark Fayne - Rafales : 6 - Influenza : 4.
1:38 of 3rd period - Jarret Stoll wins face-off versus Mark Scheifele in neutral zone.
1:41 of 3rd period - Mark Scheifele is hit by Cody McLeod and loses puck.
1:58 of 3rd period - Jarret Stoll is hit by Matt Corrente and loses puck.
2:32 of 3rd period - Jeff May is hit by Brian Ferlin and loses puck.
2:40 of 3rd period - Off-side.
2:41 of 3rd period - Cedric Paquette wins face-off versus Mark Scheifele in neutral zone.
2:50 of 3rd period - Jeff May is hit by Tim Crowder and loses puck.
3:07 of 3rd period - Mathieu Carle is hit by Carl Klingberg and loses puck.
3:16 of 3rd period - Snap shot by Carl Klingberg.
3:16 of 3rd period - Shot Misses the Net.
3:18 of 3rd period - Snap shot by Slater Koekkoek.
3:18 of 3rd period - Deflect By Brian Ferlin.
3:18 of 3rd period - Shot Misses the Net.
3:18 of 3rd period - Puck is out of play.
3:19 of 3rd period - Milan Bartovic wins face-off versus Jordan Schroeder in Influenza zone.
4:08 of 3rd period - Slapshot by Milan Bartovic.
4:08 of 3rd period - Stopped by Thomas McCollum with a rebound.
4:10 of 3rd period - Slapshot by Dylan McIlrath.
4:10 of 3rd period - Stopped by Thomas McCollum with a rebound.
4:14 of 3rd period - Wrist shot by Milan Bartovic.
4:14 of 3rd period - Stopped by Thomas McCollum with a rebound.
4:34 of 3rd period - Snap shot by Beau Bennett.
4:34 of 3rd period - Shot Misses the Net.
5:02 of 3rd period - Slapshot by Beau Bennett.
5:02 of 3rd period - Shot Blocked by Cody McLeod.
5:08 of 3rd period - Backhand shot by Cody McLeod.
5:08 of 3rd period - Shot Misses the Net.
5:36 of 3rd period - Snap shot by Jarret Stoll.
5:36 of 3rd period - Deflect By Milan Bartovic.
5:36 of 3rd period - Shot Misses the Net.
5:36 of 3rd period - Puck is out of play.
5:37 of 3rd period - Cedric Paquette wins face-off versus Mark Scheifele in Influenza zone.
5:42 of 3rd period - Snap shot by Mark Fayne.
5:42 of 3rd period - Stopped by Thomas McCollum without a rebound.
5:43 of 3rd period - Cedric Paquette wins face-off versus Mark Scheifele in Influenza zone.
6:41 of 3rd period - Icing by Jeff May.
6:42 of 3rd period - Kevin Veilleux wins face-off versus Jordan Schroeder in Influenza zone.
7:03 of 3rd period - Minor Penalty to Garnet Hathaway for Tripping.
7:04 of 3rd period - Charlie Coyle wins face-off versus Nathan Davis in Influenza zone.
8:01 of 3rd period - Beau Bennett is hit by Matt Gilroy and loses puck.
8:20 of 3rd period - Dennis Persson is hit by Matt Corrente and loses puck.
8:33 of 3rd period - Mathieu Carle is hit by Brian Ferlin and loses puck.
9:03 of 3rd period - Penalty to Garnet Hathaway is over, Garnet Hathaway is back on ice.
9:29 of 3rd period - Icing by Lane MacDermid.
9:30 of 3rd period - Jacob Josefson wins face-off versus Cedric Paquette in Influenza zone.
9:30 of 3rd period - Jacob Josefson is hit by Matt Gilroy.
9:50 of 3rd period - Snap shot by Mark Scheifele.
9:50 of 3rd period - Shot Misses the Net.
9:52 of 3rd period - Slapshot by T.J Galiardi.
9:52 of 3rd period - Shot Misses the Net.
9:54 of 3rd period - Slapshot by Mark Scheifele.
9:54 of 3rd period - Shot Blocked by Kevin Veilleux.
9:56 of 3rd period - Slapshot by Tim Erixon.
9:56 of 3rd period - Deflect By T.J Galiardi.
9:56 of 3rd period - Stopped by Philipp Grubauer with a rebound.
9:58 of 3rd period - Snap shot by Mark Scheifele.
9:58 of 3rd period - Stopped by Philipp Grubauer with a rebound.
10:18 of 3rd period - Slapshot by Nathan Davis.
10:18 of 3rd period - Shot Blocked by Charlie Coyle.
10:34 of 3rd period - Snap shot by Jarret Stoll.
10:34 of 3rd period - Shot Blocked by Garnet Hathaway.
10:46 of 3rd period - Maksim Mayorov is hit by T.J Galiardi and loses puck.
11:52 of 3rd period - Minor Penalty to T.J Galiardi for Holding.
11:53 of 3rd period - Jarret Stoll wins face-off versus Charlie Coyle in Influenza zone.
13:52 of 3rd period - Penalty to T.J Galiardi is over, T.J Galiardi is back on ice.
14:12 of 3rd period - Wrist shot by T.J Galiardi.
14:12 of 3rd period - Shot Misses the Net.
14:14 of 3rd period - Slapshot by Jeremy Morin.
14:14 of 3rd period - Shot Misses the Net.
14:24 of 3rd period - Julian Melchiori is hit by T.J Galiardi and loses puck.
14:35 of 3rd period - Wrist shot by Charlie Coyle.
14:35 of 3rd period - Shot Misses the Net.
15:05 of 3rd period - Wrist shot by Kevin Veilleux.
15:05 of 3rd period - Shot Blocked by Jeremy Morin.
15:07 of 3rd period - Slapshot by James Marcou.
15:07 of 3rd period - Shot Blocked by Dmitry Sinitsyn.
15:09 of 3rd period - Slapshot by James Marcou.
15:09 of 3rd period - Shot Misses the Net.
15:11 of 3rd period - Wrist shot by Kevin Veilleux.
15:11 of 3rd period - Shot Blocked by Paul Ladue.
15:11 of 3rd period - Paul Ladue from Influenza is injured at 15:11 of 3rd period (Concussion).
15:12 of 3rd period - Jordan Schroeder wins face-off versus Nathan Davis in Influenza zone.
15:12 of 3rd period - Jordan Schroeder is hit by Carl Klingberg.
15:27 of 3rd period - Wrist shot by Carl Klingberg.
15:27 of 3rd period - Stopped by Thomas McCollum with a rebound.
15:46 of 3rd period - Slapshot by Cody McLeod.
15:46 of 3rd period - Shot Misses the Net.
15:48 of 3rd period - Minor Penalty to T.J Galiardi for Charging.
15:49 of 3rd period - Charlie Coyle wins face-off versus Jarret Stoll in Influenza zone.
16:31 of 3rd period - Maksim Mayorov is hit by Charlie Coyle and loses puck.
16:40 of 3rd period - Jeremy Morin is hit by Dennis Persson and loses puck.
17:13 of 3rd period - Snap shot by Nathan Davis.
17:13 of 3rd period - Deflect By Maksim Mayorov.
17:13 of 3rd period - Goal by Maksim Mayorov - Rafales : 7 - Influenza : 4.
17:14 of 3rd period - Mark Scheifele wins face-off versus Jarret Stoll in neutral zone.
17:51 of 3rd period - Off-side.
17:52 of 3rd period - Jordan Schroeder wins face-off versus Jarret Stoll in neutral zone.
18:03 of 3rd period - Garnet Hathaway is hit by Jarret Stoll.
18:32 of 3rd period - Mark Fayne is hit by Mark Scheifele.
19:22 of 3rd period - Minor Penalty to James Marcou for Interference.
19:23 of 3rd period - Jarret Stoll wins face-off versus Mark Scheifele in Rafales zone.
Goals for this period are 2 for Rafales vs 0 for Influenza.
Shots for this period are 8 for Rafales vs 3 for Influenza.
Back to the Top